Havana Tropicals vs Peoria Rivermen
Created - Wednesday, August 30, 2023 at 07:36
Goals
|
| Havana Tropicals |
3 |
0 |
0 |
3 |
| Peoria Rivermen |
0 |
1 |
3 |
4 |
|
Shots
|
| Havana Tropicals |
8 |
9 |
5 |
22 |
| Peoria Rivermen |
9 |
17 |
17 |
43 |
|
1st period
1. Havana Tropicals , Philipp Kurashev 5 (Pierre-edouard Bellemare 5) at 3:49
2. Havana Tropicals , Emil Bemstrom 3 (Pavel Dorofeyev 4, Chris Tierney 3) at 6:13
3. Havana Tropicals , Zach Aston-Reese 2 (Pavel Dorofeyev 5) at 12:09
Penalties :
Pierre-edouard Bellemare (HAV) for High sticking (Minor) at 8:06, Radim Zohorna (PRM) for Diving (Minor) at 12:53, Matthew Kessel (PRM) for Hooking (Minor) at 15:16
2nd period
4. Peoria Rivermen , Jesper Froden 2 (Curtis Lazar 2, Jakob Pelletier 2) at 1:16
Penalties :
Dakota Joshua (PRM) for Fighting (Major) at 6:44, Milan Lucic (HAV) for Fighting (Major) at 6:44, Tyler Tucker (PRM) for Fighting (Major) at 9:47, Philipp Kurashev (HAV) for Fighting (Major) at 9:47, Emil Bemstrom (HAV) for Interference (Minor) at 19:07
3rd period
5. Peoria Rivermen , Curtis Lazar 1 (Jalen Chatfield 2) at 1:40 (PP)
6. Peoria Rivermen , Georgii Merkulov 2 (Jonathan Gruden 1) at 4:15
7. Peoria Rivermen , Oskar Sundqvist 2 (Yegor Zamula 2, Radim Zohorna 3) at 12:11
Penalties :
Pierre-edouard Bellemare (HAV) for Roughing (Double Minor) at 1:29, Teddy Blueger (HAV) for Cross-checking (Minor) at 6:57, Elmer Soderblom (HAV) for Interference (Minor) at 13:32, Mattias Norlinder (HAV) for Hooking (Minor) at 18:29
Goalie Stats
Arvid Soderblom (HAV), 39 saves from 43 shots - (0.907), L, 2-3-0, 60:00 minutes
Zachary Fucale (PRM), 19 saves from 22 shots - (0.864), W, 1-2-1, 60:00 minutes
Players Stats for Havana Tropicals
Player Name G A P +/- PIM S H SB GA TA FO MP PP MP PK MP
------------------------------------------------------------------------------------
Alexander Nylander 0 0 0 0 0 2 1 0 0 0 0/0 12:46 0:00 0:00
Chris Tierney 0 1 1 0 0 1 1 0 0 2 4/4 15:29 0:00 0:00
Darren Raddysh 0 0 0 0 0 0 1 1 0 0 0/0 21:17 1:59 5:39
Dennis Cholowski 0 0 0 0 0 1 0 0 0 0 0/0 21:17 1:59 5:39
Elmer Soderblom 0 0 0 -1 2 2 1 0 1 0 1/1 5:31 0:00 0:00
Emil Bemstrom 1 0 1 2 2 4 1 0 1 0 0/0 18:02 1:58 4:54
Henrik Borgstrom 0 0 0 0 0 0 0 0 0 0 1/1 3:43 0:03 0:39
Mattias Norlinder 0 0 0 1 2 0 1 0 0 1 0/0 12:22 0:00 0:00
Milan Lucic 0 0 0 -1 5 1 1 0 0 0 0/1 14:16 1:57 0:00
Nolan Foote 0 0 0 0 0 1 1 0 0 0 3/3 6:11 0:03 0:25
Pavel Dorofeyev 0 2 2 0 0 1 0 0 0 0 1/5 12:44 0:00 0:00
Philipp Kurashev 1 0 1 1 5 2 2 0 2 0 12/26 20:31 1:58 5:16
Pierre-edouard Bellemare 0 1 1 -1 6 2 1 1 2 0 6/13 19:57 1:57 3:30
Samuel Blais 0 0 0 -1 0 2 1 0 1 0 1/1 16:14 1:57 0:00
Teddy Blueger 0 0 0 2 2 1 1 1 0 0 0/0 18:07 1:58 4:23
Timothy Liljegren 0 0 0 -1 0 0 2 0 0 4 0/0 25:56 1:59 5:57
Zach Aston-Reese 1 0 1 0 0 1 2 0 0 1 0/0 17:05 0:03 4:05
Zach Whitecloud 0 0 0 -1 0 1 3 4 0 1 0/0 25:56 1:59 5:57
Players Stats for Peoria Rivermen
Player Name G A P +/- PIM S H SB GA TA FO MP PP MP PK MP
------------------------------------------------------------------------------------
Connor Mackey 0 0 0 0 0 2 2 1 0 0 0/0 22:12 5:58 2:22
Curtis Lazar 1 1 2 -2 0 3 1 0 0 0 7/13 17:34 5:21 1:57
Dakota Joshua 0 0 0 0 5 2 2 1 0 0 10/16 18:40 6:06 1:48
Georgii Merkulov 1 0 1 1 0 4 1 0 0 0 5/9 11:13 0:09 0:00
Jakob Pelletier 0 1 1 -2 0 1 1 0 0 0 0/1 10:25 0:09 0:00
Jalen Chatfield 0 1 1 -1 0 1 3 1 1 0 0/0 23:36 5:38 1:36
Jesper Froden 1 0 1 -2 0 3 1 0 0 1 0/1 10:32 0:00 0:13
Jonas Rondbjerg 0 0 0 1 0 2 2 1 1 0 0/1 10:17 0:00 0:00
Jonathan Gruden 0 1 1 1 0 1 3 0 0 0 1/1 10:28 0:00 0:00
Matthew Kessel 0 0 0 1 2 0 1 0 0 0 0/0 14:00 0:00 0:00
Niko Mikkola 0 0 0 -1 0 3 1 0 0 0 0/0 23:30 5:38 1:36
Oskar Sundqvist 1 0 1 1 0 5 0 0 2 0 2/6 12:47 0:00 0:00
Radim Zohorna 0 1 1 1 2 5 1 0 0 2 0/1 18:17 5:30 0:00
Ryan Lomberg 0 0 0 0 0 0 5 0 1 0 0/2 19:43 6:06 1:57
Sasha Chmelevski 0 0 0 0 0 3 1 0 2 0 1/1 19:59 6:06 2:01
Tyler Pitlick 0 0 0 1 0 5 0 0 1 2 0/3 17:57 5:21 0:00
Tyler Tucker 0 0 0 0 5 2 0 2 0 0 0/0 20:24 5:58 2:22
Yegor Zamula 0 1 1 1 0 1 1 0 1 2 0/0 13:57 0:00 0:00
3 Stars
1 - Georgii Merkulov (PRM)
2 - Oskar Sundqvist (PRM)
3 - Curtis Lazar (PRM)
Power Play
Havana Tropicals - 0 on 2 Attempt(s) - 0.00%
Peoria Rivermen - 1 on 7 Attempt(s) - 14.29%
Penalty Kill
Havana Tropicals - 6 on 7 Attempt(s) - 85.71%
- Score 0 goal in Penalty Kill
Peoria Rivermen - 2 on 2 Attempt(s) - 100.00%
- Score 0 goal in Penalty Kill
Team Stat
Havana Tropicals - Hits : 20 - Faceoff Wins : 29 - Blocked Shots : 7 - Penalty Minutes : 24
Peoria Rivermen - Hits : 26 - Faceoff Wins : 26 - Blocked Shots : 6 - Penalty Minutes : 14
Official
Referees : Garrett Rank and Kevin Pollock
Linesman : Darren Gibbs and Lonnie Cameron
Game Notes
Dakota Joshua and Milan Lucic fight to a draw at 6:44 of 2nd period
Tyler Tucker beats up Philipp Kurashev at 9:47 of 2nd period
Havana Tropicals
5 vs 5 Forward
Center Left Wing Right Wing Time % Phy DF OF
1 Philipp Kurashev Teddy Blueger Emil Bemstrom 30 1 2 2
2 Pierre-edouard Bellemare Samuel Blais Milan Lucic 30 1 2 2
3 Pavel Dorofeyev Zach Aston-Reese Alexander Nylander 25 1 2 2
4 Chris Tierney Elmer Soderblom Philipp Kurashev 15 1 2 2
5 vs 5 Defense
Defense Defense Time % Phy DF OF
1 Timothy Liljegren Zach Whitecloud 30 1 2 2
2 Darren Raddysh Dennis Cholowski 30 1 2 2
3 Mattias Norlinder Chris Tierney 25 1 2 2
4 Timothy Liljegren Zach Whitecloud 15 1 2 2
PowerPlay Forward
Center Left Wing Right Wing Time % Phy DF OF
1 Philipp Kurashev Teddy Blueger Emil Bemstrom 50 1 2 2
2 Pierre-edouard Bellemare Samuel Blais Milan Lucic 50 1 2 2
PowerPlay Defense
Defense Defense Time % Phy DF OF
1 Timothy Liljegren Zach Whitecloud 50 1 2 2
2 Darren Raddysh Dennis Cholowski 50 1 2 2
Penalty Kill 4 Players Forward
Center Wing Time % Phy DF OF
1 Philipp Kurashev Teddy Blueger 50 1 2 2
2 Pierre-edouard Bellemare Emil Bemstrom 50 1 2 2
Penalty Kill 4 Players Defense
Defense Defense Time % Phy DF OF
1 Timothy Liljegren Zach Whitecloud 50 1 2 2
2 Darren Raddysh Dennis Cholowski 50 1 2 2
Penalty Kill - 3 Players Forward
Forward Time % Phy DF OF
1 Philipp Kurashev 50 1 2 2
2 Teddy Blueger 50 1 2 2
Penalty Kill - 3 Players Defense
Defense Defense Time % Phy DF OF
1 Timothy Liljegren Zach Whitecloud 50 1 2 2
2 Darren Raddysh Dennis Cholowski 50 1 2 2
4 vs 4 Forward
Center Wing Time % Phy DF OF
1 Philipp Kurashev Teddy Blueger 50 1 2 2
2 Pierre-edouard Bellemare Emil Bemstrom 50 1 2 2
4 vs 4 Defense
Defense Defense Time % Phy DF OF
1 Timothy Liljegren Zach Whitecloud 50 1 2 2
2 Darren Raddysh Dennis Cholowski 50 1 2 2
Last Minutes Offensive
Center Left Wing Right Wing Defense Defense
Philipp Kurashev Teddy Blueger Emil Bemstrom Timothy Liljegren Zach Whitecloud
Last Minutes Defensive
Center Left Wing Right Wing Defense Defense
Philipp Kurashev Teddy Blueger Emil Bemstrom Timothy Liljegren Zach Whitecloud
Goaltenders
Starting : Arvid Soderblom
Backup : Eric Comrie
Extra Forwards
Normal : Nolan Foote, Henrik Borgstrom, Zach Aston-Reese - PP : Nolan Foote, Henrik Borgstrom - PK : Zach Aston-Reese
Extra Defensemen
Normal : Mattias Norlinder, Darren Raddysh, Dennis Cholowski - PP : Mattias Norlinder - PK : Darren Raddysh, Dennis Cholowski
Penalty Shots
Philipp Kurashev, Teddy Blueger, Pierre-edouard Bellemare, Emil Bemstrom, Samuel Blais
Peoria Rivermen
5 vs 5 Forward
Center Left Wing Right Wing Time % Phy DF OF
1 Dakota Joshua Ryan Lomberg Sasha Chmelevski 30 1 2 2
2 Oskar Sundqvist Radim Zohorna Tyler Pitlick 30 1 2 2
3 Curtis Lazar Jakob Pelletier Jesper Froden 25 1 2 2
4 Georgii Merkulov Jonathan Gruden Jonas Rondbjerg 15 1 2 2
5 vs 5 Defense
Defense Defense Time % Phy DF OF
1 Niko Mikkola Jalen Chatfield 35 1 2 2
2 Connor Mackey Tyler Tucker 35 1 2 2
3 Yegor Zamula Matthew Kessel 30 1 2 2
4 Niko Mikkola Jalen Chatfield 0 1 2 2
PowerPlay Forward
Center Left Wing Right Wing Time % Phy DF OF
1 Dakota Joshua Ryan Lomberg Sasha Chmelevski 50 1 2 2
2 Curtis Lazar Radim Zohorna Tyler Pitlick 50 1 2 2
PowerPlay Defense
Defense Defense Time % Phy DF OF
1 Niko Mikkola Jalen Chatfield 50 1 2 2
2 Connor Mackey Tyler Tucker 50 1 2 2
Penalty Kill 4 Players Forward
Center Wing Time % Phy DF OF
1 Dakota Joshua Sasha Chmelevski 50 1 2 2
2 Curtis Lazar Ryan Lomberg 50 1 2 2
Penalty Kill 4 Players Defense
Defense Defense Time % Phy DF OF
1 Niko Mikkola Jalen Chatfield 50 1 2 2
2 Connor Mackey Tyler Tucker 50 1 2 2
Penalty Kill - 3 Players Forward
Forward Time % Phy DF OF
1 Dakota Joshua 50 1 2 2
2 Sasha Chmelevski 50 1 2 2
Penalty Kill - 3 Players Defense
Defense Defense Time % Phy DF OF
1 Niko Mikkola Jalen Chatfield 50 1 2 2
2 Connor Mackey Tyler Tucker 50 1 2 2
4 vs 4 Forward
Center Wing Time % Phy DF OF
1 Dakota Joshua Sasha Chmelevski 50 1 2 2
2 Curtis Lazar Ryan Lomberg 50 1 2 2
4 vs 4 Defense
Defense Defense Time % Phy DF OF
1 Niko Mikkola Jalen Chatfield 50 1 2 2
2 Connor Mackey Tyler Tucker 50 1 2 2
Last Minutes Offensive
Center Left Wing Right Wing Defense Defense
Dakota Joshua Ryan Lomberg Sasha Chmelevski Niko Mikkola Jalen Chatfield
Last Minutes Defensive
Center Left Wing Right Wing Defense Defense
Dakota Joshua Ryan Lomberg Sasha Chmelevski Niko Mikkola Jalen Chatfield
Goaltenders
Starting : Zachary Fucale
Backup : Unknown Goalie
Extra Forwards
Normal : Georgii Merkulov, Jakob Pelletier, Jesper Froden - PP : Georgii Merkulov, Jakob Pelletier - PK : Jesper Froden
Extra Defensemen
Normal : Yegor Zamula, Matthew Kessel, Connor Mackey - PP : Yegor Zamula - PK : Matthew Kessel, Connor Mackey
Penalty Shots
Dakota Joshua, Sasha Chmelevski, Curtis Lazar, Ryan Lomberg, Tyler Pitlick
% Time on Ice - Havana Tropicals
Lines # - Real PCT - Wanted PCT - Time Play
Normal Forward
1 - 27% - 30% - 12:06
2 - 32% - 30% - 14:19
3 - 27% - 25% - 11:48
4 - 14% - 15% - 6:13
Normal Defense
1 - 30% - 30% - 13:10
2 - 31% - 30% - 13:39
3 - 28% - 25% - 12:33
4 - 11% - 15% - 5:04
PP Forward
1 - 50% - 50% - 1:58
2 - 50% - 50% - 2:00
PP Defense
1 - 50% - 50% - 1:59
2 - 50% - 50% - 1:59
PK Forward
1 - 49% - 50% - 5:38
2 - 51% - 50% - 5:58
PK Defense
1 - 51% - 50% - 5:57
2 - 49% - 50% - 5:39
PK3 Forward
1 - 0% - 50%
2 - 0% - 50%
PK3 Defense
1 - 0% - 50%
2 - 0% - 50%
44 Forward
1 - 0% - 50%
2 - 0% - 50%
44 Defense
1 - 0% - 50%
2 - 0% - 50%
Last Minute Offensive - 0:00
Last Minute Defensive - 0:00
Total
Forward - 60:00
Defense - 60:00
|
% Time on Ice - Peoria Rivermen
Lines # - Real PCT - Wanted PCT - Time Play
Normal Forward
1 - 27% - 30% - 11:47
2 - 29% - 30% - 12:41
3 - 23% - 25% - 10:04
4 - 22% - 15% - 9:54
Normal Defense
1 - 35% - 35% - 15:34
2 - 37% - 35% - 16:29
3 - 28% - 30% - 12:23
4 - 0% - 0% - 0:00
PP Forward
1 - 53% - 50% - 6:06
2 - 47% - 50% - 5:30
PP Defense
1 - 49% - 50% - 5:38
2 - 51% - 50% - 5:58
PK Forward
1 - 51% - 50% - 2:01
2 - 49% - 50% - 1:57
PK Defense
1 - 40% - 50% - 1:36
2 - 60% - 50% - 2:22
PK3 Forward
1 - 0% - 50%
2 - 0% - 50%
PK3 Defense
1 - 0% - 50%
2 - 0% - 50%
44 Forward
1 - 0% - 50%
2 - 0% - 50%
44 Defense
1 - 0% - 50%
2 - 0% - 50%
Last Minute Offensive - 0:00
Last Minute Defensive - 0:00
Total
Forward - 60:00
Defense - 60:00
|
Play-by-Play
1st period
0:01 of 1st period - Dakota Joshua wins face-off versus Philipp Kurashev in neutral zone.
0:14 of 1st period - Snap shot by Ryan Lomberg.
0:14 of 1st period - Shot Blocked by Zach Whitecloud.
1:14 of 1st period - Radim Zohorna is hit by Elmer Soderblom and loses puck.
1:24 of 1st period - Off-side.
1:25 of 1st period - Philipp Kurashev wins face-off versus Jakob Pelletier in neutral zone.
1:48 of 1st period - Chris Tierney is hit by Jonathan Gruden and loses puck.
1:56 of 1st period - Icing by Chris Tierney.
1:57 of 1st period - Dakota Joshua wins face-off versus Pierre-edouard Bellemare in Havana Tropicals zone.
2:42 of 1st period - Slapshot by Pavel Dorofeyev.
2:42 of 1st period - Shot Blocked by Jonas Rondbjerg.
2:44 of 1st period - Snap shot by Philipp Kurashev.
2:44 of 1st period - Stopped by Zachary Fucale without a rebound.
2:45 of 1st period - Georgii Merkulov wins face-off versus Philipp Kurashev in Peoria Rivermen zone.
2:50 of 1st period - Slapshot by Jonathan Gruden.
2:50 of 1st period - Shot Blocked by Teddy Blueger.
2:56 of 1st period - Wrist shot by Jonathan Gruden.
2:56 of 1st period - Stopped by Arvid Soderblom without a rebound.
2:57 of 1st period - Chris Tierney wins face-off versus Ryan Lomberg in Havana Tropicals zone.
3:04 of 1st period - Timothy Liljegren is hit by Dakota Joshua and loses puck.
3:49 of 1st period - Slapshot by Philipp Kurashev.
3:49 of 1st period - Goal by Philipp Kurashev - Havana Tropicals : 1 - Peoria Rivermen : 0.
3:50 of 1st period - Pierre-edouard Bellemare wins face-off versus Oskar Sundqvist in neutral zone.
4:44 of 1st period - Slapshot by Sasha Chmelevski.
4:44 of 1st period - Stopped by Arvid Soderblom with a rebound.
4:46 of 1st period - Slapshot by Tyler Tucker.
4:46 of 1st period - Shot Misses the Net.
5:24 of 1st period - Icing by Jalen Chatfield.
5:25 of 1st period - Oskar Sundqvist wins face-off versus Philipp Kurashev in Peoria Rivermen zone.
5:34 of 1st period - Slapshot by Emil Bemstrom.
5:34 of 1st period - Shot Misses the Net.
5:50 of 1st period - Niko Mikkola is hit by Mattias Norlinder and loses puck.
6:13 of 1st period - Wrist shot by Emil Bemstrom.
6:13 of 1st period - Goal by Emil Bemstrom - Havana Tropicals : 2 - Peoria Rivermen : 0.
6:14 of 1st period - Philipp Kurashev wins face-off versus Georgii Merkulov in neutral zone.
6:52 of 1st period - Snap shot by Milan Lucic.
6:52 of 1st period - Shot Misses the Net.
6:54 of 1st period - Slapshot by Chris Tierney.
6:54 of 1st period - Stopped by Zachary Fucale with a rebound.
6:56 of 1st period - Slapshot by Mattias Norlinder.
6:56 of 1st period - Shot Misses the Net.
6:58 of 1st period - Slapshot by Mattias Norlinder.
6:58 of 1st period - Shot Misses the Net.
7:08 of 1st period - Wrist shot by Georgii Merkulov.
7:08 of 1st period - Shot Misses the Net.
7:42 of 1st period - Wrist shot by Oskar Sundqvist.
7:42 of 1st period - Shot Misses the Net.
7:44 of 1st period - Slapshot by Tyler Pitlick.
7:44 of 1st period - Stopped by Arvid Soderblom without a rebound.
7:45 of 1st period - Curtis Lazar wins face-off versus Pierre-edouard Bellemare in Havana Tropicals zone.
7:46 of 1st period - Slapshot by Jakob Pelletier.
7:46 of 1st period - Stopped by Arvid Soderblom with a rebound.
7:48 of 1st period - Snap shot by Jakob Pelletier.
7:48 of 1st period - Shot Misses the Net.
7:50 of 1st period - Snap shot by Jakob Pelletier.
7:50 of 1st period - Shot Misses the Net.
7:52 of 1st period - Snap shot by Jesper Froden.
7:52 of 1st period - Shot Misses the Net.
7:54 of 1st period - Snap shot by Jesper Froden.
7:54 of 1st period - Stopped by Arvid Soderblom with a rebound.
7:56 of 1st period - Slapshot by Yegor Zamula.
7:56 of 1st period - Deflect By Milan Lucic.
7:56 of 1st period - Stopped by Arvid Soderblom with a rebound.
7:58 of 1st period - Snap shot by Jesper Froden.
7:58 of 1st period - Stopped by Arvid Soderblom with a rebound.
8:06 of 1st period - Minor Penalty to Pierre-edouard Bellemare for High sticking.
8:07 of 1st period - Philipp Kurashev wins face-off versus Dakota Joshua in Havana Tropicals zone.
8:33 of 1st period - Ryan Lomberg is hit by Zach Whitecloud and loses puck.
8:42 of 1st period - Zach Whitecloud is hit by Ryan Lomberg and loses puck.
10:06 of 1st period - Penalty to Pierre-edouard Bellemare is over, Pierre-edouard Bellemare is back on ice.
10:10 of 1st period - Slapshot by Jalen Chatfield.
10:10 of 1st period - Shot Blocked by Darren Raddysh.
10:30 of 1st period - Wrist shot by Teddy Blueger.
10:30 of 1st period - Stopped by Zachary Fucale without a rebound.
10:31 of 1st period - Pierre-edouard Bellemare wins face-off versus Oskar Sundqvist in Peoria Rivermen zone.
10:38 of 1st period - Slapshot by Tyler Pitlick.
10:38 of 1st period - Stopped by Arvid Soderblom without a rebound.
10:39 of 1st period - Oskar Sundqvist wins face-off versus Milan Lucic in Havana Tropicals zone.
11:45 of 1st period - Off-side.
11:46 of 1st period - Samuel Blais wins face-off versus Oskar Sundqvist in neutral zone.
12:09 of 1st period - Snap shot by Pavel Dorofeyev.
12:09 of 1st period - Deflect By Zach Aston-Reese.
12:09 of 1st period - Goal by Zach Aston-Reese - Havana Tropicals : 3 - Peoria Rivermen : 0.
12:10 of 1st period - Elmer Soderblom wins face-off versus Dakota Joshua in neutral zone.
12:10 of 1st period - Philipp Kurashev is hit by Sasha Chmelevski and loses puck.
12:53 of 1st period - Minor Penalty to Radim Zohorna for Diving.
12:54 of 1st period - Dakota Joshua wins face-off versus Philipp Kurashev in Peoria Rivermen zone.
13:19 of 1st period - Sasha Chmelevski is hit by Darren Raddysh and loses puck.
14:53 of 1st period - Penalty to Radim Zohorna is over, Radim Zohorna is back on ice.
15:16 of 1st period - Minor Penalty to Matthew Kessel for Hooking.
15:17 of 1st period - Curtis Lazar wins face-off versus Pierre-edouard Bellemare in Peoria Rivermen zone.
15:28 of 1st period - Snap shot by Pierre-edouard Bellemare.
15:28 of 1st period - Shot Misses the Net.
15:30 of 1st period - Slapshot by Timothy Liljegren.
15:30 of 1st period - Shot Blocked by Tyler Tucker.
15:50 of 1st period - Wrist shot by Emil Bemstrom.
15:50 of 1st period - Stopped by Zachary Fucale with a rebound.
16:33 of 1st period - Icing by Emil Bemstrom.
16:34 of 1st period - Pierre-edouard Bellemare wins face-off versus Dakota Joshua in Havana Tropicals zone.
17:16 of 1st period - Penalty to Matthew Kessel is over, Matthew Kessel is back on ice.
17:23 of 1st period - Oskar Sundqvist is hit by Zach Aston-Reese and loses puck.
17:50 of 1st period - Chris Tierney is hit by Niko Mikkola.
18:36 of 1st period - Wrist shot by Dakota Joshua.
18:36 of 1st period - Stopped by Arvid Soderblom with a rebound.
18:47 of 1st period - Off-side.
18:48 of 1st period - Pierre-edouard Bellemare wins face-off versus Jonas Rondbjerg in neutral zone.
18:55 of 1st period - Matthew Kessel is hit by Samuel Blais.
19:45 of 1st period - Icing by Tyler Tucker.
19:46 of 1st period - Pierre-edouard Bellemare wins face-off versus Curtis Lazar in Peoria Rivermen zone.
19:49 of 1st period - Wrist shot by Samuel Blais.
19:49 of 1st period - Shot Blocked by Connor Mackey.
19:51 of 1st period - Slapshot by Timothy Liljegren.
19:51 of 1st period - Shot Misses the Net.
19:53 of 1st period - Snap shot by Samuel Blais.
19:53 of 1st period - Shot Misses the Net.
19:55 of 1st period - Snap shot by Pierre-edouard Bellemare.
19:55 of 1st period - Shot Blocked by Tyler Tucker.
19:57 of 1st period - Wrist shot by Milan Lucic.
19:57 of 1st period - Stopped by Zachary Fucale without a rebound.
19:58 of 1st period - Dakota Joshua wins face-off versus Philipp Kurashev in Peoria Rivermen zone.
19:58 of 1st period - Dakota Joshua is hit by Timothy Liljegren.
Goals for this period are 3 for Havana Tropicals vs 0 for Peoria Rivermen.
Shots for this period are 8 for Havana Tropicals vs 9 for Peoria Rivermen.
2nd period
0:01 of 2nd period - Philipp Kurashev wins face-off versus Dakota Joshua in neutral zone.
0:06 of 2nd period - Snap shot by Emil Bemstrom.
0:06 of 2nd period - Shot Blocked by Dakota Joshua.
0:25 of 2nd period - Radim Zohorna is hit by Timothy Liljegren and loses puck.
0:45 of 2nd period - Off-side.
0:46 of 2nd period - Curtis Lazar wins face-off versus Pavel Dorofeyev in neutral zone.
0:49 of 2nd period - Darren Raddysh is hit by Curtis Lazar and loses puck.
1:02 of 2nd period - Snap shot by Jesper Froden.
1:02 of 2nd period - Shot Misses the Net.
1:04 of 2nd period - Snap shot by Curtis Lazar.
1:04 of 2nd period - Stopped by Arvid Soderblom with a rebound.
1:14 of 2nd period - Slapshot by Curtis Lazar.
1:14 of 2nd period - Stopped by Arvid Soderblom with a rebound.
1:16 of 2nd period - Snap shot by Jesper Froden.
1:16 of 2nd period - Goal by Jesper Froden - Havana Tropicals : 3 - Peoria Rivermen : 1.
1:17 of 2nd period - Dakota Joshua wins face-off versus Philipp Kurashev in neutral zone.
2:08 of 2nd period - Snap shot by Alexander Nylander.
2:08 of 2nd period - Shot Misses the Net.
2:10 of 2nd period - Wrist shot by Alexander Nylander.
2:10 of 2nd period - Deflect By Pavel Dorofeyev.
2:10 of 2nd period - Deflect By Jakob Pelletier.
2:10 of 2nd period - Shot Misses the Net.
2:10 of 2nd period - Puck is out of play.
2:11 of 2nd period - Dakota Joshua wins face-off versus Philipp Kurashev in Peoria Rivermen zone.
2:16 of 2nd period - Wrist shot by Philipp Kurashev.
2:16 of 2nd period - Shot Misses the Net.
2:26 of 2nd period - Slapshot by Emil Bemstrom.
2:26 of 2nd period - Shot Misses the Net.
2:40 of 2nd period - Slapshot by Niko Mikkola.
2:40 of 2nd period - Stopped by Arvid Soderblom with a rebound.
2:42 of 2nd period - Snap shot by Radim Zohorna.
2:42 of 2nd period - Shot Misses the Net.
2:44 of 2nd period - Slapshot by Oskar Sundqvist.
2:44 of 2nd period - Stopped by Arvid Soderblom without a rebound.
2:45 of 2nd period - Chris Tierney wins face-off versus Oskar Sundqvist in Havana Tropicals zone.
2:50 of 2nd period - Snap shot by Oskar Sundqvist.
2:50 of 2nd period - Stopped by Arvid Soderblom without a rebound.
2:51 of 2nd period - Chris Tierney wins face-off versus Radim Zohorna in Havana Tropicals zone.
3:02 of 2nd period - Wrist shot by Tyler Pitlick.
3:02 of 2nd period - Shot Misses the Net.
3:04 of 2nd period - Slapshot by Matthew Kessel.
3:04 of 2nd period - Shot Blocked by Zach Whitecloud.
3:06 of 2nd period - Snap shot by Oskar Sundqvist.
3:06 of 2nd period - Stopped by Arvid Soderblom with a rebound.
3:22 of 2nd period - Sasha Chmelevski is hit by Zach Whitecloud and loses puck.
4:29 of 2nd period - Jalen Chatfield is hit by Milan Lucic and loses puck.
4:34 of 2nd period - Slapshot by Samuel Blais.
4:34 of 2nd period - Shot Blocked by Jalen Chatfield.
4:36 of 2nd period - Slapshot by Samuel Blais.
4:36 of 2nd period - Stopped by Zachary Fucale with a rebound.
4:38 of 2nd period - Wrist shot by Pierre-edouard Bellemare.
4:38 of 2nd period - Stopped by Zachary Fucale with a rebound.
4:40 of 2nd period - Slapshot by Samuel Blais.
4:40 of 2nd period - Shot Misses the Net.
4:50 of 2nd period - Jalen Chatfield is hit by Alexander Nylander and loses puck.
4:54 of 2nd period - Icing by Niko Mikkola.
4:55 of 2nd period - Georgii Merkulov wins face-off versus Pavel Dorofeyev in Peoria Rivermen zone.
4:55 of 2nd period - Georgii Merkulov is hit by Zach Aston-Reese.
5:11 of 2nd period - Backhand shot by Georgii Merkulov.
5:11 of 2nd period - Stopped by Arvid Soderblom with a rebound.
5:39 of 2nd period - Slapshot by Tyler Tucker.
5:39 of 2nd period - Stopped by Arvid Soderblom with a rebound.
5:55 of 2nd period - Slapshot by Connor Mackey.
5:55 of 2nd period - Stopped by Arvid Soderblom with a rebound.
5:57 of 2nd period - Slapshot by Georgii Merkulov.
5:57 of 2nd period - Stopped by Arvid Soderblom with a rebound.
5:59 of 2nd period - Slapshot by Tyler Tucker.
5:59 of 2nd period - Deflect By Jonas Rondbjerg.
5:59 of 2nd period - Shot Misses the Net.
5:59 of 2nd period - Puck is out of play.
6:00 of 2nd period - Philipp Kurashev wins face-off versus Dakota Joshua in Havana Tropicals zone.
6:00 of 2nd period - Philipp Kurashev is hit by Jalen Chatfield.
6:08 of 2nd period - Snap shot by Ryan Lomberg.
6:08 of 2nd period - Shot Misses the Net.
6:13 of 2nd period - Icing by Philipp Kurashev.
6:14 of 2nd period - Philipp Kurashev wins face-off versus Tyler Pitlick in Havana Tropicals zone.
6:21 of 2nd period - Snap shot by Tyler Pitlick.
6:21 of 2nd period - Stopped by Arvid Soderblom with a rebound.
6:38 of 2nd period - Snap shot by Emil Bemstrom.
6:38 of 2nd period - Stopped by Zachary Fucale without a rebound.
6:39 of 2nd period - Dakota Joshua wins face-off versus Pierre-edouard Bellemare in Peoria Rivermen zone.
6:39 of 2nd period - Dakota Joshua is hit by Zach Whitecloud.
6:44 of 2nd period - Dakota Joshua and Milan Lucic fight to a draw.
6:44 of 2nd period - Penalty to Dakota Joshua for Fighting.
6:44 of 2nd period - Penalty to Milan Lucic for Fighting.
6:45 of 2nd period - Chris Tierney wins face-off versus Georgii Merkulov in neutral zone.
7:15 of 2nd period - Snap shot by Pierre-edouard Bellemare.
7:15 of 2nd period - Stopped by Zachary Fucale with a rebound.
7:32 of 2nd period - Samuel Blais is hit by Jalen Chatfield and loses puck.
7:39 of 2nd period - Backhand shot by Tyler Pitlick.
7:39 of 2nd period - Stopped by Arvid Soderblom with a rebound.
7:41 of 2nd period - Snap shot by Jalen Chatfield.
7:41 of 2nd period - Shot Misses the Net.
8:37 of 2nd period - Wrist shot by Tyler Pitlick.
8:37 of 2nd period - Shot Misses the Net.
8:39 of 2nd period - Slapshot by Niko Mikkola.
8:39 of 2nd period - Stopped by Arvid Soderblom with a rebound.
8:41 of 2nd period - Wrist shot by Radim Zohorna.
8:41 of 2nd period - Stopped by Arvid Soderblom with a rebound.
8:55 of 2nd period - Tyler Pitlick is hit by Nolan Foote and loses puck.
9:18 of 2nd period - Snap shot by Samuel Blais.
9:18 of 2nd period - Stopped by Zachary Fucale with a rebound.
9:42 of 2nd period - Slapshot by Oskar Sundqvist.
9:42 of 2nd period - Stopped by Arvid Soderblom with a rebound.
9:44 of 2nd period - Wrist shot by Radim Zohorna.
9:44 of 2nd period - Stopped by Arvid Soderblom with a rebound.
9:46 of 2nd period - Slapshot by Niko Mikkola.
9:46 of 2nd period - Deflect By Oskar Sundqvist.
9:46 of 2nd period - Shot Blocked by Pierre-edouard Bellemare.
9:46 of 2nd period - Puck is out of play.
9:47 of 2nd period - Georgii Merkulov wins face-off versus Philipp Kurashev in Havana Tropicals zone.
9:47 of 2nd period - Tyler Tucker beats up Philipp Kurashev.
9:47 of 2nd period - Penalty to Tyler Tucker for Fighting.
9:47 of 2nd period - Penalty to Philipp Kurashev for Fighting.
9:48 of 2nd period - Henrik Borgstrom wins face-off versus Georgii Merkulov in Havana Tropicals zone.
9:48 of 2nd period - Henrik Borgstrom is hit by Georgii Merkulov.
10:01 of 2nd period - Sasha Chmelevski is hit by Teddy Blueger and loses puck.
10:40 of 2nd period - Zach Aston-Reese is hit by Jonathan Gruden and loses puck.
12:50 of 2nd period - Chris Tierney is hit by Jonas Rondbjerg.
13:44 of 2nd period - Dennis Cholowski is hit by Ryan Lomberg and loses puck.
13:55 of 2nd period - Pierre-edouard Bellemare is hit by Ryan Lomberg and loses puck.
18:25 of 2nd period - Icing by Jakob Pelletier.
18:26 of 2nd period - Pavel Dorofeyev wins face-off versus Curtis Lazar in Peoria Rivermen zone.
18:27 of 2nd period - Wrist shot by Alexander Nylander.
18:27 of 2nd period - Shot Misses the Net.
18:41 of 2nd period - Alexander Nylander is hit by Matthew Kessel and loses puck.
18:50 of 2nd period - Wrist shot by Alexander Nylander.
18:50 of 2nd period - Stopped by Zachary Fucale with a rebound.
18:52 of 2nd period - Snap shot by Pavel Dorofeyev.
18:52 of 2nd period - Stopped by Zachary Fucale with a rebound.
18:54 of 2nd period - Wrist shot by Alexander Nylander.
18:54 of 2nd period - Shot Misses the Net.
18:56 of 2nd period - Slapshot by Dennis Cholowski.
18:56 of 2nd period - Stopped by Zachary Fucale with a rebound.
18:58 of 2nd period - Slapshot by Mattias Norlinder.
18:58 of 2nd period - Deflect By Alexander Nylander.
18:58 of 2nd period - Stopped by Zachary Fucale without a rebound.
18:59 of 2nd period - Dakota Joshua wins face-off versus Philipp Kurashev in Peoria Rivermen zone.
19:07 of 2nd period - Minor Penalty to Emil Bemstrom for Interference.
19:08 of 2nd period - Curtis Lazar wins face-off versus Philipp Kurashev in Havana Tropicals zone.
Goals for this period are 0 for Havana Tropicals vs 1 for Peoria Rivermen.
Shots for this period are 9 for Havana Tropicals vs 17 for Peoria Rivermen.
3rd period
0:01 of 3rd period - Curtis Lazar wins face-off versus Philipp Kurashev in neutral zone.
0:56 of 3rd period - Timothy Liljegren is hit by Ryan Lomberg and loses puck.
1:07 of 3rd period - Penalty to Emil Bemstrom is over, Emil Bemstrom is back on ice.
1:13 of 3rd period - Snap shot by Elmer Soderblom.
1:13 of 3rd period - Shot Misses the Net.
1:15 of 3rd period - Snap shot by Chris Tierney.
1:15 of 3rd period - Deflect By Elmer Soderblom.
1:15 of 3rd period - Stopped by Zachary Fucale with a rebound.
1:17 of 3rd period - Wrist shot by Elmer Soderblom.
1:17 of 3rd period - Stopped by Zachary Fucale with a rebound.
1:19 of 3rd period - Slapshot by Zach Whitecloud.
1:19 of 3rd period - Stopped by Zachary Fucale without a rebound.
1:20 of 3rd period - Georgii Merkulov wins face-off versus Pierre-edouard Bellemare in Peoria Rivermen zone.
1:20 of 3rd period - Georgii Merkulov is hit by Chris Tierney.
1:29 of 3rd period - Double Minor Penalty to Pierre-edouard Bellemare for Roughing.
1:30 of 3rd period - Philipp Kurashev wins face-off versus Tyler Pitlick in Havana Tropicals zone.
1:38 of 3rd period - Slapshot by Jalen Chatfield.
1:38 of 3rd period - Stopped by Arvid Soderblom with a rebound.
1:40 of 3rd period - Snap shot by Curtis Lazar.
1:40 of 3rd period - Goal by Curtis Lazar - Havana Tropicals : 3 - Peoria Rivermen : 2.
1:41 of 3rd period - Curtis Lazar wins face-off versus Philipp Kurashev in neutral zone.
2:36 of 3rd period - Tyler Pitlick is hit by Philipp Kurashev and loses puck.
3:16 of 3rd period - Henrik Borgstrom is hit by Jalen Chatfield and loses puck.
3:40 of 3rd period - Penalty to Pierre-edouard Bellemare is over, Pierre-edouard Bellemare is back on ice.
3:52 of 3rd period - Snap shot by Sasha Chmelevski.
3:52 of 3rd period - Stopped by Arvid Soderblom without a rebound.
3:53 of 3rd period - Jonathan Gruden wins face-off versus Pierre-edouard Bellemare in Havana Tropicals zone.
3:59 of 3rd period - Off-side.
4:00 of 3rd period - Georgii Merkulov wins face-off versus Pierre-edouard Bellemare in neutral zone.
4:15 of 3rd period - Wrist shot by Georgii Merkulov.
4:15 of 3rd period - Goal by Georgii Merkulov - Havana Tropicals : 3 - Peoria Rivermen : 3.
4:16 of 3rd period - Philipp Kurashev wins face-off versus Ryan Lomberg in neutral zone.
4:43 of 3rd period - Zach Aston-Reese is hit by Jakob Pelletier and loses puck.
6:35 of 3rd period - Snap shot by Jonas Rondbjerg.
6:35 of 3rd period - Stopped by Arvid Soderblom without a rebound.
6:36 of 3rd period - Dakota Joshua wins face-off versus Pavel Dorofeyev in Havana Tropicals zone.
6:43 of 3rd period - Snap shot by Sasha Chmelevski.
6:43 of 3rd period - Deflect By Dakota Joshua.
6:43 of 3rd period - Deflect By Zach Aston-Reese.
6:43 of 3rd period - Shot Misses the Net.
6:43 of 3rd period - Puck is out of play.
6:44 of 3rd period - Dakota Joshua wins face-off versus Pavel Dorofeyev in Havana Tropicals zone.
6:47 of 3rd period - Wrist shot by Sasha Chmelevski.
6:47 of 3rd period - Shot Misses the Net.
6:49 of 3rd period - Wrist shot by Dakota Joshua.
6:49 of 3rd period - Stopped by Arvid Soderblom without a rebound.
6:50 of 3rd period - Sasha Chmelevski wins face-off versus Philipp Kurashev in Havana Tropicals zone.
6:53 of 3rd period - Wrist shot by Sasha Chmelevski.
6:53 of 3rd period - Stopped by Arvid Soderblom with a rebound.
6:55 of 3rd period - Slapshot by Yegor Zamula.
6:55 of 3rd period - Shot Blocked by Zach Whitecloud.
6:57 of 3rd period - Minor Penalty to Teddy Blueger for Cross-checking.
6:58 of 3rd period - Philipp Kurashev wins face-off versus Curtis Lazar in Havana Tropicals zone.
6:58 of 3rd period - Philipp Kurashev is hit by Radim Zohorna.
8:57 of 3rd period - Penalty to Teddy Blueger is over, Teddy Blueger is back on ice.
10:30 of 3rd period - Pavel Dorofeyev is hit by Jesper Froden and loses puck.
10:45 of 3rd period - Samuel Blais is hit by Jonathan Gruden.
11:18 of 3rd period - Icing by Jalen Chatfield.
11:19 of 3rd period - Nolan Foote wins face-off versus Jesper Froden in Peoria Rivermen zone.
11:24 of 3rd period - Snap shot by Teddy Blueger.
11:24 of 3rd period - Deflect By Nolan Foote.
11:24 of 3rd period - Stopped by Zachary Fucale with a rebound.
11:26 of 3rd period - Slapshot by Zach Whitecloud.
11:26 of 3rd period - Shot Hit the Post.
11:53 of 3rd period - Milan Lucic is hit by Dakota Joshua and loses puck.
12:07 of 3rd period - Snap shot by Radim Zohorna.
12:07 of 3rd period - Shot Blocked by Zach Whitecloud.
12:09 of 3rd period - Wrist shot by Radim Zohorna.
12:09 of 3rd period - Stopped by Arvid Soderblom with a rebound.
12:11 of 3rd period - Slapshot by Yegor Zamula.
12:11 of 3rd period - Deflect By Oskar Sundqvist.
12:11 of 3rd period - Goal by Oskar Sundqvist - Havana Tropicals : 3 - Peoria Rivermen : 4.
12:12 of 3rd period - Philipp Kurashev wins face-off versus Dakota Joshua in neutral zone.
12:19 of 3rd period - Wrist shot by Emil Bemstrom.
12:19 of 3rd period - Stopped by Zachary Fucale with a rebound.
13:14 of 3rd period - Snap shot by Oskar Sundqvist.
13:14 of 3rd period - Shot Misses the Net.
13:16 of 3rd period - Backhand shot by Tyler Tucker.
13:16 of 3rd period - Deflect By Samuel Blais.
13:16 of 3rd period - Stopped by Arvid Soderblom with a rebound.
13:26 of 3rd period - Wrist shot by Georgii Merkulov.
13:26 of 3rd period - Shot Misses the Net.
13:28 of 3rd period - Wrist shot by Niko Mikkola.
13:28 of 3rd period - Stopped by Arvid Soderblom without a rebound.
13:29 of 3rd period - Nolan Foote wins face-off versus Georgii Merkulov in Havana Tropicals zone.
13:29 of 3rd period - Nolan Foote is hit by Jonas Rondbjerg.
13:32 of 3rd period - Minor Penalty to Elmer Soderblom for Interference.
13:33 of 3rd period - Curtis Lazar wins face-off versus Philipp Kurashev in Havana Tropicals zone.
13:45 of 3rd period - Slapshot by Tyler Pitlick.
13:45 of 3rd period - Stopped by Arvid Soderblom without a rebound.
13:46 of 3rd period - Philipp Kurashev wins face-off versus Curtis Lazar in Havana Tropicals zone.
14:12 of 3rd period - Connor Mackey is hit by Philipp Kurashev.
14:22 of 3rd period - Teddy Blueger is hit by Connor Mackey and loses puck.
14:32 of 3rd period - Off-side.
14:33 of 3rd period - Pierre-edouard Bellemare wins face-off versus Curtis Lazar in neutral zone.
15:32 of 3rd period - Penalty to Elmer Soderblom is over, Elmer Soderblom is back on ice.
15:44 of 3rd period - Wrist shot by Jonas Rondbjerg.
15:44 of 3rd period - Stopped by Arvid Soderblom with a rebound.
15:46 of 3rd period - Slapshot by Connor Mackey.
15:46 of 3rd period - Stopped by Arvid Soderblom with a rebound.
15:48 of 3rd period - Wrist shot by Georgii Merkulov.
15:48 of 3rd period - Stopped by Arvid Soderblom with a rebound.
15:50 of 3rd period - Slapshot by Jonas Rondbjerg.
15:50 of 3rd period - Shot Misses the Net.
16:18 of 3rd period - Milan Lucic is hit by Yegor Zamula and loses puck.
16:25 of 3rd period - Matthew Kessel is hit by Pierre-edouard Bellemare and loses puck.
16:46 of 3rd period - Niko Mikkola is hit by Emil Bemstrom and loses puck.
17:52 of 3rd period - Icing by Mattias Norlinder.
17:53 of 3rd period - Nolan Foote wins face-off versus Curtis Lazar in Havana Tropicals zone.
18:29 of 3rd period - Minor Penalty to Mattias Norlinder for Hooking.
18:30 of 3rd period - Philipp Kurashev wins face-off versus Tyler Pitlick in Havana Tropicals zone.
18:30 of 3rd period - Philipp Kurashev is hit by Connor Mackey.
18:43 of 3rd period - Snap shot by Radim Zohorna.
18:43 of 3rd period - Stopped by Arvid Soderblom with a rebound.
18:45 of 3rd period - Slapshot by Connor Mackey.
18:45 of 3rd period - Deflect By Radim Zohorna.
18:45 of 3rd period - Stopped by Arvid Soderblom with a rebound.
18:59 of 3rd period - Darren Raddysh is hit by Ryan Lomberg and loses puck.
Goals for this period are 0 for Havana Tropicals vs 3 for Peoria Rivermen.
Shots for this period are 5 for Havana Tropicals vs 17 for Peoria Rivermen.
Back to the Top